 Dungeon Crawl Stone Soup version 0.31-a0-854-g362426d53f (webtiles) character file.

Game seed: 14743194683712457687

18 dmks the Firebug (level 2, 0/24 HPs)
             Began as an Ogre Fire Elementalist on Oct 8, 2023.
             Slain by a hobgoblin (1 damage)
             ... on level 1 of the Dungeon.
             The game lasted 00:02:14 (270 turns).

dmks the Firebug (Ogre Fire Elementalist)            Turns: 270, Time: 00:02:14

Health: 0/24       AC:  3    Str: 11    XL:     2   Next: 70%
Magic:  3/5        EV: 10    Int: 16    God:
Gold:   33         SH:  0    Dex:  9    Spells: 5/6 levels left

rFire   . . .        d - +0 dagger
rCold   . . .        (no shield)
rNeg    . . .        a - +0 robe
rPois   .            (helmet restricted)
rElec   .            (no cloak)
rCorr   .            (gloves unavailable)
SInv    .            (boots unavailable)
Will    .....        (no amulet)
Stlth   ++           (no ring)
HPRegen 0.24/turn    (no ring)
MPRegen 0.09/turn

%: no passive effects
@: no status effects
A: large, unfitting armour, tough skin 1
a: no special abilities


You were on level 1 of the Dungeon.
You visited 1 branch of the dungeon, and saw 1 of its levels.

You collected 33 gold pieces.

Inventory:

Hand Weapons
 d - a +0 dagger (weapon)
   (You took it off a goblin on level 1 of the Dungeon)
Armour
 a - a +0 robe (worn)
Scrolls
 c - a scroll of silence {unknown}


   Skills:
 + Level 2.0 Dodging
 + Level 1.6 Stealth
 + Level 2.7 Spellcasting
 - Level 0.8 Conjurations
 * Level 3.0 Fire Magic


You had 5 spell levels left.
You knew the following spells:

 Your Spells              Type           Power      Damage    Failure   Level
a - Foxfire               Conj/Fire      32%        2x1d5     9%          1

Your spell library contained the following spells:

 Spells                   Type           Power      Damage    Failure   Level
 Scorch                   Fire           24%        2d6       9%          2
 Lesser Beckoning         Tloc           4%         N/A       28%         2
 Inner Flame              Hex/Fire       7%         N/A       30%         3
 Volatile Blastmotes      Fire/Tloc      14%        2d11      30%         3
 Hailstorm                Conj/Ice       3%         3d3       43%         3
 Gell's Gravitas          Tloc           2%         N/A       50%         3
 Teleport Other           Tloc           2%         N/A       50%         3
 Flame Wave               Conj/Fire      8%         2d5       65%         4
 Metabolic Englaciation   Hex/Ice        1%         N/A       99%         5


Dungeon Overview and Level Annotations

Branches:
Dungeon (1/15)

Altars:


Innate Abilities, Weirdness & Mutations

You are too large for most types of armour.
You have tough skin. (AC +1)


Message History

The quokka bites you.
You conjure some foxfire!
The quokka bites you. The kobold completely misses you.
The quokka closely misses you.
The foxfire hits the quokka.
You kill the quokka!
The foxfire hits the kobold.
You kill the kobold!
You conjure some foxfire!
The hobgoblin misses you.
The foxfire hits the hobgoblin. x2
The hobgoblin hits you but does no damage.
The hobgoblin hits you.
You conjure some foxfire!
The hobgoblin barely misses you. The hobgoblin hits you.
The foxfire hits the hobgoblin but does no damage.
The foxfire hits the hobgoblin.
The hobgoblin hits you. x2
You don't have enough magic to cast this spell.
The hobgoblin hits you.
* * * LOW HITPOINT WARNING * * *
The hobgoblin attacks as it pursues you!
The hobgoblin hits you.
* * * LOW HITPOINT WARNING * * *
The hobgoblin attacks as it pursues you!
The hobgoblin closely misses you.
The hobgoblin attacks as it pursues you!
The hobgoblin hits you.
* * * LOW HITPOINT WARNING * * *
You hit the hobgoblin. The hobgoblin barely misses you. The hobgoblin hits you.
* * * LOW HITPOINT WARNING * * *
You don't have enough magic to cast this spell.
A hobgoblin comes into view.
Found 11 gold pieces.
The hobgoblin shouts!
The hobgoblin attacks as it pursues you!
The hobgoblin hits you but does no damage.
The hobgoblin attacks as it pursues you!
The hobgoblin barely misses you. x2
You conjure some foxfire!
The hobgoblin hits you.
* * * LOW HITPOINT WARNING * * *
The foxfire hits the hobgoblin. x2
You kill the hobgoblin!
Magic courses through your body.
You conjure some foxfire!
The hobgoblin barely misses you.
The foxfire hits the hobgoblin.
The hobgoblin hits you.
* * * LOW HITPOINT WARNING * * *
The hobgoblin hits you.
* * * LOW HITPOINT WARNING * * *
You conjure some foxfire!
A ball python comes into view.
The hobgoblin closely misses you. The hobgoblin hits you.
You die...

...##.#......>.)......
.g.#.......>.........
.##..........!†)......
................#
.............#....###..=..#
.........[.............######.##
............#####S......### .##
............# #gg....#...####...
#...........####@v...####...#..).
##............##v......#.........
#..............#.[...#........[..
#........†#......................
.................)..............#
..........###...##............###
.....†....# #..................#
.##.......# #..................#
####.....## #..................#


You could see 2 hobgoblins and a ball python.

Vanquished Creatures
  A dart slug (D:1)
  A ball python (D:1)
  An endoplasm (D:1)
  2 goblins (D:1)
  2 hobgoblins (D:1)
  2 kobolds (D:1)
  2 quokkas (D:1)
  3 rats (D:1)
14 creatures vanquished.

Vanquished Creatures (others)
  35 foxfires (D:1)
35 creatures vanquished.

Grand Total: 49 creatures vanquished

Notes
Turn   | Place    | Note
-------+----------+-------------------------------------------
     0 | D:1      | dmks the Ogre Fire Elementalist began the quest for the
                  | Orb.
     0 | D:1      | Reached XP level 1. HP: 16/16 MP: 3/3
   132 | D:1      | Reached XP level 2. HP: 16/24 MP: 2/5
   156 | D:1      | Reached skill level 3 in Fire Magic
   229 | D:1      | Got a leatherbound book
   269 | D:1      | HP: 1/24 [hobgoblin (1)]
   270 | D:1      | Slain by a hobgoblin

Illustrated notes

Levels and vault maps discovered:
D:1:      dpeg_arrival_fog, layout_rooms, serial_shops, nicolae_shop_trees

Skill      XL: |  1  2 |
---------------+-------+-----
Dodging        | 2 |  2.0
Fire Magic     | 3 |  3.0
Stealth        | |  1.6
Spellcasting   | |  2.7
Conjurations   | |  0.8

Action                     || total
---------------------------++-------
  Melee: Dagger            ||    14
         Unarmed           ||     2
   Cast: Foxfire           ||    21
    Use: Potion            ||     1
 Armour: Robe              ||    32
  Dodge: Dodged            ||    30

Table legend: (Time is in decaauts)
 A = Elapsed time spent in this place.
 B = Non-inter-level travel time spent in this place.
 C = Inter-level travel time spent in this place.
 D = Time resting spent in this place.
 E = Time spent auto-exploring this place.
 F = Levels seen in this place.
 G = Mean time per level.
                   A        B        C        D        E       F      G
               +--------+--------+--------+--------+--------+-----+--------+
         Total |    269 |    269 |      0 |     25 |    118 |   1 |  269.0 |
       Dungeon |    269 |    269 |      0 |     25 |    118 |   1 |  269.0 |
               +--------+--------+--------+--------+--------+-----+--------+

Top non-repeatable levels by time:
     D:1: 269 daAuts
